 Dungeon Crawl Stone Soup version 0.30.1-9-gdf580d7c3d (webtiles) character file.

Game seed: 9061527507118301246

3271 Chiseanne the Fighter (level 9, 0/112 HPs)
             Began as a Demonspawn Wanderer on Oct 14, 2023.
             Was an Initiate of Gozag.
             Succumbed to a hornet's poison
             ... on level 8 of the Dungeon.
             The game lasted 00:17:34 (6868 turns).

Chiseanne the Fighter (Demonspawn Wanderer)         Turns: 6868, Time: 00:17:34

Health: 0/112      AC:  9    Str: 18    XL:     9   Next: 68%
Magic:  2/9        EV: 15    Int: 12    God:    Gozag
Gold:   95         SH:  0    Dex: 15    Spells: 8/8 levels left

rFire   . . .        a - +3 hand axe
rCold   . . .        (no shield)
rNeg    + . .        x - +0 ring mail of Idealism {+Inv rN+ Str+2}
rPois   .            (helmet restricted)
rElec   .            t - scarf {shadows}
rCorr   .            (no gloves)
SInv    .            b - +2 pair of boots
Will    .....        q - amulet of guardian spirit Stlth
                     (no ring)
HPRegen 1.38/turn    (no ring)
MPRegen 0.11/turn

%: guardian spirit
@: berserking (expiring), lethally poisoned (0 -> -5), gold aura, slowed,
studying Stealth
A: horns 1, ignite blood 1, powered by death 1, sturdy frame 1
a: Renounce Religion, Evoke Invisibility, Potion Petition, Call Merchant, Bribe
Branch


You were on level 8 of the Dungeon.
You worshipped Gozag.
Gozag was noncommittal.
You visited 2 branches of the dungeon, and saw 9 of its levels.

You collected 553 gold pieces.
You spent 364 gold pieces at shops.
You paid 94 gold pieces to Gozag.

Inventory:

Hand Weapons
 a - a +3 hand axe (weapon)
 m - a +4 short sword
 s - a +1 dagger of venom
 u - a +0 war axe
 y - a +0 dagger of electrocution
 B - a +3 sling of freezing
Missiles
 e - 60 stones (quivered)
Armour
 b - a +2 pair of boots (worn)
 t - a scarf of shadows (worn)
 x - the +0 ring mail of Idealism (worn) {+Inv rN+ Str+2}
   (You found it on level 7 of the Dungeon)

   Str:       It affects your strength (+2).
   rN:        It protects you from negative energy.
   +Inv:      It lets you turn invisible.
Jewellery
 j - an amulet of magic regeneration
 q - an amulet of guardian spirit (around neck)
Wands
 c - a wand of charming (23)
 g - a wand of iceblast (4)
Scrolls
 l - 3 scrolls of teleportation
 r - a scroll of fear
 z - a scroll of amnesia
Potions
 d - 3 potions of flight
 f - 4 potions of curing
 h - 2 potions of heal wounds
 k - 2 potions of ambrosia
 n - a potion of degeneration {unknown}
 o - 2 potions of invisibility
 p - a potion of brilliance
 w - a potion of mutation
 A - a potion of haste


   Skills:
 * Level 8.5 Fighting
 - Level 1.7 Axes
 * Level 7.2 Armour
 * Level 7.1 Dodging
 - Level 2.6 Stealth
 - Level 1.2 Invocations
 - Level 1.0 Evocations


You had 8 spell levels left.
You didn't know any spells.
Your spell library contained the following spells:

 Spells                   Type           Power      Damage    Failure   Level
 Shock                    Conj/Air       0%         1d3       38%         1
 Sting                    Tmut/Pois      0%         1d3       38%         1
 Poisonous Vapours        Pois/Air       0%         N/A       54%         2
 Swiftness                Air            0%         N/A       77%         3
 Airstrike                Air            0%         2d(0-16)  99%         4
 Olgreb's Toxic Radiance  Pois           0%         N/A       99%         4
 Blade Hands              Tmut           0%         N/A       100%        5
 Irradiate                Conj/Tmut      0%         3d11      100%        5
 Dragon Form              Tmut           0%         N/A       100%        7


Dungeon Overview and Level Annotations

Branches:
Dungeon (8/15)             Temple (1/1) D:6
   Lair: D:8-11

Altars:
Ashenzari
Cheibriados
Dithmenos
Fedhas
Gozag
Hepliaklqana
Kikubaaqudgha
Okawaru
Qazlal
Ru
Sif Muna
Uskayaw
Vehumet
Wu Jian
Yredelemnul

Shops:
D:1 ?   D:7 *   D:8 !

Annotations:
D:7 Menkaure


Innate Abilities, Weirdness & Mutations

You have a pair of small horns on your head.
Your demonic aura sometimes causes spilled blood to erupt in flames.
You regenerate a little health from kills.
Your movements are slightly less encumbered by armour. (ER -2)


Message History

The hornet stings you but does no damage.
The hornet stings you!
* * * LOW HITPOINT WARNING * * *
You feel as though you will be slow longer.
The hornet stings you but does no damage.
A red film seems to cover your vision as you go berserk!
You feel yourself moving faster!
You feel mighty!
You feel sick. The hornet barely misses you. The hornet closely misses you.
You closely miss the hornet.
The hornet is moderately wounded.
You feel sick. The hornet stings you.
* * * LOW HITPOINT WARNING * * *
You are more poisoned.
You feel as though you will be slow longer.
The hornet misses you.
You miss the hornet.
The hornet is moderately wounded.
You feel very sick. The hornet completely misses you.
The hornet stings you but does no damage.
You slash the hornet! You headbutt the hornet!
The hornet is almost dead.
You feel sick. The hornet stings you.
* * * LOW HITPOINT WARNING * * *
You are lethally poisoned!
You suddenly lose the ability to move!
The hornet stings you.
You are more poisoned.
You feel as though you will be slow longer.
You can move again.
You slash the hornet!
You kill the hornet!
* * * LOW HITPOINT WARNING * * *
You feel extremely sick.
* * * LOW HITPOINT WARNING * * *
You feel very sick.
Items here: $ ( )) [.
You are too berserk!
You feel a strong urge to attack something.
You die...
Your body crumbles into a pile of gold.

#.#.#.#..# #.#.#)#..# ..
#.#..)...# #. #.#.#.#..#
#. #.#...#..# #.
#.#.##...######## #. #.
#.#.............#
...(#.##...####.....#.##
..((.$$@>.## #.###.#.#
(..##.##### #.#.#.#.# #.
#.#...#.# #. #.#.###.#
#. #.......# #.
###.##### #. #.# #.# #.#


There were no monsters in sight!

Vanquished Creatures
  A troll (D:6)
  A hornet (D:8)
  Grinder (D:6)
  3 yaks (D:5)
  A water moccasin (D:7)
  3 ice beasts
  2 black bears
  2 orc warriors
  A centaur (D:6)
  2 phantoms (D:5)
  A bullfrog (D:7)
  2 scorpions (D:5)
  A gnoll sergeant (D:6)
  5 killer bees
  A howler monkey (D:4)
  2 hounds
  4 iguanas
  7 orc wizards
  Terence (D:2)
  Robin (D:4)
  14 gnolls
  9 adders
  A shadow imp (D:5)
  An ufetubus (D:4)
  3 worms
  A dart slug (D:4)
  15 orcs
  10 ball pythons
  13 endoplasms
  5 giant cockroaches
  15 goblins
  10 hobgoblins
  2 quokkas
  5 bats
  3 frilled lizards
  7 kobolds
  7 rats
163 creatures vanquished.

Notes
Turn   | Place    | Note
-------+----------+-------------------------------------------
     0 | D:1      | Chiseanne the Demonspawn Wanderer began the quest for the
                  | Orb.
     0 | D:1      | Chiseanne set off with the following items: a +3 hand axe,
                  | a +0 pair of boots, a potion of lignification, a +0 leather
                  | armour.
     0 | D:1      | Reached XP level 1. HP: 18/18 MP: 1/1
   153 | D:1      | Found Jyorchyep's Magic Scroll Boutique.
   269 | D:1      | Gained mutation: You have a pair of small horns on your
                  | head. [demonic ancestry]
   269 | D:1      | Reached XP level 2. HP: 24/24 MP: 2/2
   378 | D:1      | Reached skill level 1 in Armour
   463 | D:1      | Reached skill level 1 in Dodging
   724 | D:1      | Gained mutation: Your movements are slightly less
                  | encumbered by armour. (ER -2) [demonic ancestry]
   724 | D:1      | Reached XP level 3. HP: 26/29 MP: 3/3
  1340 | D:2      | Gained mutation: Your demonic aura sometimes causes spilled
                  | blood to erupt in flames. [demonic ancestry]
  1340 | D:2      | Reached XP level 4. HP: 30/37 MP: 4/4
  1558 | D:2      | Noticed Terence
  1575 | D:2      | Killed Terence
  1888 | D:3      | Reached skill level 4 in Fighting
  2345 | D:3      | Found a faded altar of an unknown god.
  2582 | D:4      | Reached XP level 5. HP: 42/42 MP: 5/5
  2964 | D:4      | Noticed Robin
  2974 | D:4      | Killed Robin
  2977 | D:4      | HP: 2/43 [iguana (9)]
  2980 | D:4      | Reached XP level 6. HP: 3/49 MP: 6/6
  3436 | D:5      | Entered Level 5 of the Dungeon
  3510 | D:5      | Noticed a yak
  3591 | D:5      | Noticed an ice beast
  3609 | D:5      | Killed an ice beast
  3610 | D:5      | Reached skill level 5 in Fighting
  3666 | D:5      | Killed a yak
  3667 | D:5      | Reached XP level 7. HP: 25/56 MP: 3/7
  3780 | D:5      | Noticed a yak
  3796 | D:5      | Killed a yak
  3955 | D:5      | Reached skill level 6 in Fighting
  4100 | D:5      | Reached XP level 8. HP: 60/64 MP: 6/8
  4266 | D:5      | Reached skill level 5 in Armour
  4266 | D:5      | Reached skill level 5 in Dodging
  4722 | D:6      | Noticed Grinder
  4742 | D:6      | Killed Grinder
  4779 | D:6      | Noticed a troll
  4804 | D:7      | Identified the +0 ring mail of Idealism {+Inv rN+ Str+2}
  4844 | D:7      | Reached skill level 7 in Fighting
  4923 | D:6      | Found a staircase to the Ecumenical Temple.
  4977 | Temple   | Entered the Ecumenical Temple
  5209 | Temple   | Became a worshipper of Gozag Ym Sagoz the Greedy
  5497 | D:6      | Killed a troll
  5498 | D:6      | Gained mutation: You regenerate a little health from kills.
                  | [demonic ancestry]
  5498 | D:6      | Reached XP level 9. HP: 72/72 MP: 6/9
  5766 | D:7      | Noticed Menkaure
  6214 | D:7      | Reached skill level 8 in Fighting
  6303 | D:7      | Found Ynemoel's Assorted Antiques.
  6658 | D:8      | Found Hewurgh's Distillery.
  6665 | D:8      | Bought a potion of heal wounds for 70 gold pieces
  6665 | D:8      | Bought a potion of curing for 42 gold pieces
  6665 | D:8      | Bought a potion of haste for 140 gold pieces
  6665 | D:8      | Bought a potion of invisibility for 112 gold pieces
  6865 | D:8      | Paralysed by a hornet for 1 turns
  6867 | D:8      | HP: 3/112 [poisoned by a hornet]
  6868 | D:8      | Succumbed to a hornet's poison

Illustrated notes

Levels and vault maps discovered:
D:1:      ldierk_walled_garden, layout_loops_corners, serial_shops, shop,
          minmay_split_cup_large
D:2:      layout_loops_ring, uniq_terence
D:3:      layout_basic, hellmonk_ecumenical_altar_leap_of_faith
D:4:      layout_cave_pools, minmay_cut_off, uniq_robin
D:5:      layout_gridville
D:6:      layout_basic, minmay_temple_entry_sparse_star, minmay_microvault,
          uniq_grinder
D:7:      layout_rooms, serial_shops, shop, uniq_menkaure
D:8:      layout_basic, serial_shops, nicolae_shop_industrial_runoff
Temple:   mainiacjoe_temple_starburst

Skill      XL: |  1  2  3  4  5  6  7  8  9 |
---------------+----------------------------+-----
Armour         | 1 2 3 4 6 7 |  7.2
Dodging        | 1 2 3 4 6 7 |  7.1
Fighting       | 4 5 6 7 8 |  8.5
Axes           | |  1.7
Stealth        | |  2.6
Invocations    | |  1.2
Evocations     | |  1.0

Action                     |  1- 3 |  4- 6 |  7- 9 || total
---------------------------+-------+-------+-------++-------
  Melee: Hand axe          |    98 |   185 |   238 ||   521
         Headbutt          |    12 |    30 |    50 ||    92
         Punch             |       |     2 |     4 ||     6
         Dagger            |       |       |     3 ||     3
  Throw: Stone             |       |     5 |    11 ||    16
         Dart              |       |       |     9 ||     9
  Evoke: Wand              |       |       |     8 ||     8
    Use: Scroll            |     4 |     8 |    10 ||    22
         Potion            |       |     4 |     4 ||     8
   Stab: Sleeping          |     6 |     6 |     1 ||    13
         Distracted        |       |       |     2 ||     2
 Armour: Leather armour    |    19 |       |       ||    19
         Ring mail         |    18 |    50 |    87 ||   155
         Skin              |       |     8 |       ||     8
  Dodge: Dodged            |    55 |   121 |   218 ||   394
